AoeStats
← NightmarysCZE

Nomad

510825401Analyzed
4v4 RM · 9h ago on Oct 2, 2026· 43m 4s· 8 players
Game mode
Random Map
Map size
231×231
Population
200
Speed
Normal
Resources
Standard
Victory
Conquest
Starting age
Dark Age
Ending age
Imperial Age
RankedLock teamsTeams togetherTeam positionsShared explorationLock speedFull tech treeHidden civsTurbo modeCheats
Victory
Defeat
🇨🇱 Saxons · Chile
1061
+13
🇧🇷 Malay · Brazil
1011
+15
🇦🇷 Mongols · Argentina
1008
+15
🇹🇼 Danes · Taiwan
964
+18
🇹🇷 Magyars · Türkiye
1015
-16
🇺🇸 Vietnamese · United States
1005
-16
🇨🇿 Armenians · Czechia
991
-15
🇹🇷 Malay · Türkiye
971
-14
RagingRaja
11:32 Loom
14:13 Feudal Age
20:28 Castle Age
19:27 Scale Barding Armor
19:33 Forging
24:06 Double-Bit Axe
25:14 Iron Casting
25:43 Bloodlines
27:44 Fletching
28:58 Bow Saw
29:33 Town Watch
31:15 Ballistics
30:53 Bodkin Arrow
31:39 Padded Archer Armor
39:21 Imperial Age
NightmarysCZE
15:13 Feudal Age
14:28 Loom
16:53 Arson
16:31 Man-at-Arms
17:18 Fishing Lines
17:21 Fishing Lines
17:58 Forging
18:45 Wheelbarrow
17:58 Town Watch
18:28 Scale Mail Armor
18:32 Long Swordsman
26:13 Castle Age
24:49 Wheelbarrow
23:58 Horse Collar
24:08 Double-Bit Axe
27:54 Pikeman
28:34 Squires
28:19 Gambesons
27:58 Two-Handed Swordsman
30:03 Bow Saw
29:46 Gillnets
30:23 Chain Mail Armor
30:43 Iron Casting
31:08 Padded Archer Armor
30:58 Fletching
30:57 Elite Skirmisher
33:25 Ballistics
33:20 Halberdier
36:32 Leather Archer Armor
44:06 Imperial Age
43:33 Murder Holes
Kundakçı-Coşkun
4:45 Loom
15:13 Feudal Age
18:48 Double-Bit Axe
21:57 Castle Age
19:47 Fishing Lines
22:12 Wheelbarrow
22:15 Gillnets
24:49 Hand Cart
26:00 Gold Mining
33:21 Horse Collar
36:50 Heavy Plow
EGEMENSONMEZ
13:35 Feudal Age
18:40 Loom
20:10 Wheelbarrow
21:43 Castle Age
21:35 Scale Barding Armor
22:29 Bloodlines
24:00 Wheelbarrow
23:44 Horse Collar
23:56 Double-Bit Axe
28:20 Heavy Plow
29:58 Chain Barding Armor
34:43 Hand Cart
34:30 Town Watch
39:43 Imperial Age
38:29 Corvinian Army
GENIACO
4:37 Loom
14:46 Feudal Age
15:20 Fishing Lines
17:29 Double-Bit Axe
20:57 Castle Age
18:58 Fletching
20:16 Scale Mail Armor
20:26 Forging
20:41 Gold Mining
21:44 Bodkin Arrow
22:35 Town Watch
25:23 Ballistics
24:59 Gillnets
27:27 Masonry
29:15 Gold Shaft Mining
28:22 Horse Collar
28:53 Bow Saw
33:57 Imperial Age
33:54 Wheelbarrow
35:12 Bracer
36:14 Chemistry
37:34 Two-Man Saw
36:29 Stone Mining
37:07 Hand Cart
36:54 Town Patrol
37:50 Conscription
38:52 Elite Longship
Don Constan
13:47 Feudal Age
13:43 Double-Bit Axe
14:29 Fishing Lines
15:11 Horse Collar
17:08 Wheelbarrow
22:09 Fletching
25:46 Stone Mining
38:25 Castle Age
40:26 Heavy Plow
43:02 Stone Shaft Mining
0xLexA.23
12:42 Feudal Age
12:21 Loom
13:42 Town Watch
18:22 Castle Age
16:35 Double-Bit Axe
17:22 Fishing Lines
17:36 Stone Mining
19:38 Bow Saw
20:38 Gold Mining
21:39 Wheelbarrow
24:25 Medium Warships
24:57 Gillnets
27:09 Fletching
27:37 Hand Cart
28:25 Bodkin Arrow
28:31 Padded Archer Armor
28:36 Scale Barding Armor
29:21 Bloodlines
29:11 Husbandry
29:34 Ballistics
32:09 Leather Archer Armor
32:14 Chain Barding Armor
33:50 Chain Barding Armor
32:58 Light Cavalry
37:19 Imperial Age
35:53 Thumb Ring
36:01 Forging
38:29 Bracer
40:45 Conscription
40:52 Elite Mangudai
44:02 Iron Casting
Asura
6:05 Loom
15:00 Feudal Age
15:27 Arson
15:03 Man-at-Arms
18:35 Forging
24:07 Castle Age
22:23 Fishing Lines
22:45 Stone Mining
22:41 Double-Bit Axe
25:14 Wheelbarrow
30:27 Bow Saw
30:15 Gold Mining
35:00 Fletching
36:33 Bodkin Arrow
Connection lost

Rejoining the realm…

Still unreachable

The connection could not be restored.

Session expired

The server has moved on; the page needs a fresh start.